 Dungeon Crawl Stone Soup version 0.24-a0-463-g3510def36b (webtiles) character file.

Game seed: 12310007930617009242

186170 Ijustatesigmund the Warrior (level 18, -2/222 HPs)
             Began as an Ogre Fighter on July 2, 2019.
             Was a High Priest of Cheibriados.
             Slain by an enormous slime creature (69 damage)
             ... on level 1 of the Vaults.
             The game lasted 01:36:36 (34057 turns).

Ijustatesigmund the Warrior (Ogre Fighter)         Turns: 34057, Time: 01:36:37

Health: -2/222     AC: 24    Str: 41    XL:     18   Next: 4%
Magic:  26/26      EV: 16    Int: 28    God:    Cheibriados [*****.]
Gold:   2617       SH:  0    Dex: 28    Spells: 14/17 levels left

rFire    . . .     SeeInvis .   E - +6 giant spiked club (venom)
rCold    + + .     Gourm    .   (shield currently unavailable)
rNeg     . . .     Faith    .   U - +5 ice dragon scales "Emetwass" {*Slow +Fly rF- rC++ Regen+ Int+5}
rPois    +         Spirit   .   W - +2 hat {MR+}
rElec    .         Reflect  .   f - +2 cloak
rCorr    .         Harm     .   (gloves unavailable)
MR       ++...                  (boots unavailable)
Stlth    +.........             b - amulet of regeneration
HPRegen  1.27/turn              o - ring of protection from fire
MPRegen  0.20/turn              X - ring of poison resistance

@: slowed, very slow
A: large, unfitting armour, low mp 1, robust 1, strong 1, tough skin 1
}: 1/15 runes: decaying
a: Bend Time, Temporal Distortion, Slouch, Step From Time, Renounce Religion,
Evoke Flight


You were on level 1 of the Vaults.
You worshipped Cheibriados.
Cheibriados was extremely pleased with you.
You were not hungry.

You visited 7 branches of the dungeon, and saw 30 of its levels.
You also visited: Ice Cave.

You collected 3760 gold pieces.
You spent 1143 gold pieces at shops.

Inventory:

Hand Weapons
 E - a +6 giant spiked club of venom (weapon)
 L - the +6 arbalest "Damnation" {damnation}
   (You found it on level 8 of the Dungeon)
Missiles
 p - 5 silver boomerangs
 A - 27 javelins
 F - 118 bolts
 S - 21 large rocks (quivered)
Armour
 f - a +2 cloak (worn)
 U - the +5 ice dragon scales "Emetwass" (worn) {*Slow +Fly rF- rC++ Regen+ Int+5}
   (You found it in an ice cave)

   It affects your intelligence (+5).
   It makes you vulnerable to fire.
   It greatly protects you from cold.
   It lets you fly.
   It increases your rate of regeneration.
   It may slow you when you take damage.
 W - a +2 hat of magic resistance (worn)
Jewellery
 b - an amulet of regeneration (around neck)
 c - a +2 ring of evasion
 e - a +3 ring of protection
 o - a ring of protection from fire (left hand)
 w - an uncursed ring of ice
 x - an uncursed ring of resist corrosion
 X - a ring of poison resistance (right hand)
Wands
 d - a wand of acid (27)
 u - a wand of iceblast (15)
 Q - a wand of paralysis (17)
 R - a wand of flame (59)
 T - a wand of clouds (5)
Scrolls
 a - a scroll of holy word
 j - 2 scrolls of amnesia
 k - 4 scrolls of fog
 q - 4 scrolls of magic mapping
 r - a scroll of fear
 t - 2 scrolls of teleportation
 y - 10 scrolls of remove curse
 B - 3 scrolls of enchant armour
 C - a scroll of summoning
 D - 17 scrolls of identify
 I - 5 scrolls of immolation
Potions
 g - 4 potions of lignification
 h - 9 potions of curing
 i - 3 potions of flight
 l - 2 potions of cancellation
 s - 5 potions of ambrosia
 v - 3 potions of heal wounds
 z - a potion of invisibility
 G - 2 potions of resistance
 H - 5 potions of might
 J - 4 potions of brilliance
 V - a potion of agility
Miscellaneous
 O - a phantom mirror
Comestibles
 n - 39 rations


   Skills:
 - Level 17.7 Fighting
 - Level 15.3 Maces & Flails
 - Level 6.1 Crossbows
 - Level 5.6 Throwing
 - Level 10.4 Armour
 - Level 8.3 Dodging
   Level 2.6 Shields
 + Level 4.7 Charms
 - Level 5.1 Translocations
 - Level 14.5 Invocations


You had 14 spell levels left.
You knew the following spells:

 Your Spells              Type           Power        Failure   Level  Hunger
a - Apportation           Tloc           ####..       2%          1    ##.....
b - Song of Slaying       Chrm           ####....     4%          2    ###....

Your spell library contained the following spells:

 Spells                   Type           Power        Failure   Level  Hunger
 Infusion                 Chrm           ####         2%          1    ##.....
 Shroud of Golubria       Chrm/Tloc      ####..       3%          2    ###....
 Animate Skeleton         Necr           N/A          19%         1    ##.....
 Beastly Appendage        Tmut           #.....       19%         1    ##.....
 Confusing Touch          Hex            #.....       19%         1    ##.....
 Corona                   Hex            #......      19%         1    ##.....
 Freeze                   Ice            #...         19%         1    ##.....
 Sting                    Conj/Pois      #...         19%         1    ##.....
 Summon Small Mammal      Summ           #...         19%         1    ##.....
 Ozocubu's Armour         Chrm/Ice       ##......     22%         3    ####...
 Regeneration             Chrm/Necr      ##........   22%         3    ####...
 Spectral Weapon          Hex/Chrm       ##......     22%         3    ####...
 Corpse Rot               Necr           N/A          28%         2    ###....
 Ensorcelled Hibernation  Hex/Ice        #.....       28%         2    ###....
 Poisonous Vapours        Pois/Air       #.....       28%         2    ###....
 Sticks to Snakes         Tmut           #.......     28%         2    ###....
 Sublimation of Blood     Necr           #.........   28%         2    ###....
 Throw Frost              Conj/Ice       #.....       28%         2    ###....
 Confuse                  Hex            #.......     50%         3    ####...
 Dazzling Spray           Conj/Hex       #.....       50%         3    ####...
 Mephitic Cloud           Conj/Pois/Air  #.......     50%         3    ####...
 Spider Form              Tmut/Pois      #.........   50%         3    ####...
 Tukima's Dance           Hex            #.......     50%         3    ####...
 Ice Form                 Ice/Tmut       #.......     88%         4    #####..
 Olgreb's Toxic Radiance  Pois           #.......     88%         4    #####..
 Summon Ice Beast         Ice/Summ       #.......     88%         4    #####..
 Throw Icicle             Conj/Ice       #.......     88%         4    #####..
 Excruciating Wounds      Chrm/Necr      ##........   89%         5    ######.
 Agony                    Necr           #.......     99%         5    ######.
 Blade Hands              Tmut           #.........   99%         5    ######.
 Bolt of Draining         Conj/Necr      #.........   99%         5    ######.
 Dispel Undead            Necr           #.......     99%         5    ######.
 Venom Bolt               Conj/Pois      #.........   99%         5    ######.


Dungeon Overview and Level Annotations

Branches:
Dungeon (15/15)            Temple (1/1) D:5            Lair (6/6) D:11
  Swamp (4/4) Lair:4        Snake (1/4) Lair:4        Slime (0/5) Lair:6
    Orc (2/2) D:12            Elf (0/3) Orc:2        Vaults (1/5) D:13
 Depths (0/5) D:15

Altars:
Ashenzari
Cheibriados
Dithmenos
Elyvilon
Fedhas
Gozag
Hepliaklqana
Kikubaaqudgha
Makhleb
Nemelex Xobeh
Okawaru
Qazlal
Ru
Sif Muna
Trog
Uskayaw
Vehumet
Wu Jian
Xom
Yredelemnul
Zin
The Shining One
Beogh
Jiyva

Shops:
D:4 (   D:8 [:[?   D:15 *   Orc:1 !   Orc:2 ?}%[   Snake:1 =

Annotations:
D:8 3 runed translucent doors, KristoblXynda's ghost, novice DrGl
Lair:6 1 runed translucent door


Innate Abilities, Weirdness & Mutations

You are too large for most types of armour.
You have tough skin. (AC +1)
Your magical capacity is low. (-10% MP)
You are robust. (+10% HP)
Your muscles are strong. (Str +2)


Message History

The enormous slime creature hits you!!!
You hear a horrible gurgling sound!
You skewer the enormous slime creature like a kebab!!!
The enormous slime creature is moderately wounded.
The enormous slime creature hits you!
You spit the enormous slime creature like a pig!!!
The enormous slime creature looks as sick as possible!
The enormous slime creature is moderately wounded.
The enormous slime creature barely misses you.
The enormous slime creature hits you!!
* * * LOW HITPOINT WARNING * * *
As you read the scroll of fear, it crumbles to dust.
You assume a fearsome visage.
The enormous slime creature looks frightened!
Your song is almost over.
You see here a large rock.
Your song has ended.
The enormous slime creature seems to regain its courage.
The enormous slime creature hits you!!!
You die...

......... ......... ..#
...###### #.# ...# #.#
...# #.# ...# #.# ...#
#.####### ...# +........
...# #@....... ...#
#J####### ...# #.# ...#
#(# ...# #.# ...# #†#
...#############.#
................(#
.....###########(########


You could see an enormous slime creature.

Vanquished Creatures
  Jorgrun (Snake:1)
  A tentacled monstrosity (Swamp:1)
  A lich (Vaults:1)
  Gastronok (Lair:3)
  2 thorn hunters
  A stone giant (Orc:1)
  2 ettins (D:14)
  2 naga warriors
  4 ghost crabs
  An ice dragon (Lair:5)
  A yaktaur captain (D:15)
  3 shambling mangroves
  20 hydras
  A vault guard (D:13)
  3 catoblepae (Lair:6)
  An anaconda (Snake:1)
  7 two-headed ogres
  7 centaur warriors
  4 tengu warriors
  16 alligators
  A deep troll earth mage (D:14)
  14 death yaks
  A shock serpent (Snake:1)
  Urug (Lair:2)
  A naga sharpshooter (Snake:1)
  3 orc high priests (Orc:2)
  Sonja (D:10)
  Nergalle (D:11)
  A death drake (shapeshifter) (D:14)
  An unseen horror (D:11)
  A wizard (Vaults:1)
  2 spriggan druids
  A naga ritualist (Snake:1)
  6 orc knights
  9 swamp dragons
  A phantasmal warrior (D:14)
  Pikel (D:8)
  A deep elf archer (D:15)
  A necromancer (Vaults:1)
  4 deep elf magi
  2 human zombies (Vaults:1)
  4 orc sorcerers
  5 manticores
  12 ugly things
  2 moths of wrath (Swamp:2)
  4 salamanders
  6 cyclopes
  2 guardian serpents (Snake:1)
  3 ice statues (IceCv)
  15 elephants
  8 black mambas
  A naga mage (Snake:1)
  Joseph (D:7)
  2 torpor snails (Swamp:2)
  3 centaur skeletons
  15 spiny frogs
  3 gargoyles
  7 rime drakes
  A yaktaur zombie (Vaults:1)
  5 komodo dragons
  An efreet (D:13)
  A yaktaur (Vaults:1)
  A queen bee (D:11)
  A tengu conjurer (D:15)
  18 tyrant leeches
  3 trolls
  10 hornets
  A polar bear (Lair:6)
  A wolf spider simulacrum (D:15)
  12 blink frogs
  A harpy skeleton (D:15)
  6 bog bodies
  10 slime creatures
  14 hippogriffs
  2 meliai zombies
  3 shadows
  11 wyverns
  A water elemental (D:14)
  A wraith (D:8)
  45 yaks
  6 spriggans
  33 vampire mosquitoes
  Grum (D:8)
  6 basilisks
  3 hungry ghosts
  A warg (shapeshifter) (D:15)
  18 swamp worms
  8 wargs
  13 insubstantial wisps
  6 water moccasins
  2 soldier ants
  4 nagas
  2 acid dragons (D:14)
  A hell hound (Lair:5)
  22 orc warriors
  8 porcupines
  8 swamp drakes
  2 hornet zombies
  8 ice beasts
  3 black bears
  5 sky beasts
  An ogre (shapeshifter) (D:13)
  An eye of draining (shapeshifter) (D:12)
  2 phantoms
  A necrophage (D:8)
  6 boggarts
  2 eyes of draining
  13 ogres
  7 centaurs
  11 wolves
  18 crocodiles
  2 big kobolds
  16 bullfrogs
  A wyvern zombie (D:14)
  A deep troll simulacrum (Vaults:1)
  3 scorpions
  A wyvern skeleton (D:13)
  A water moccasin skeleton (D:10)
  35 killer bees
  17 wights
  4 howler monkeys
  3 electric eels
  9 crimson imps
  2 bullfrog zombies
  3 centaur zombies
  2 quasits
  9 hounds
  3 jellies
  Crazy Yiuf (D:3)
  3 bullfrog skeletons
  14 orc priests
  An iguana (D:14)
  Natasha (twice) (D:2)
  23 orc wizards
  7 worker ants
  A hound skeleton (D:8)
  2 worker ant zombies
  3 gnolls (D:7)
  15 adders
  4 shadow imps
  3 white imps
  An adder zombie (D:5)
  2 worms
  2 dart slugs
  A leopard gecko (D:4)
  83 orcs
  5 giant cockroaches
  5 goblins
  10 hobgoblins
  2 jackals (D:8)
  20 kobolds
  3 quokkas
  7 bats
  6 frilled lizards
  A jackal skeleton (D:8)
  A jackal zombie (D:8)
  A quokka skeleton (D:8)
  9 rats
  A briar patch (Swamp:4)
  A fungus (Lair:5)
  3 plants
952 creatures vanquished.

Vanquished Creatures (others)
  A spiny frog (Swamp:1)
  2 bog bodies
  A spriggan (Swamp:4)
  A water elemental (D:14)
  An orc priest (Orc:2)
  3 briar patches (Swamp:4)
  A fire vortex (Lair:6)
  72 fungi
  43 plants
125 creatures vanquished.

Grand Total: 1077 creatures vanquished

Notes
Turn   | Place    | Note
-------+----------+-------------------------------------------
     0 | D:1      | Ijustatesigmund the Ogre Fighter began the quest for the
                  | Orb.
     0 | D:1      | Reached XP level 1. HP: 24/24 MP: 1/1
    51 | D:1      | Reached XP level 2. HP: 14/32 MP: 2/2
   602 | D:1      | Reached XP level 3. HP: 35/39 MP: 3/3
   718 | D:2      | Noticed Natasha
   730 | D:2      | Killed Natasha
  1016 | D:2      | Reached XP level 4. HP: 48/48 MP: 4/4
  1686 | D:2      | Noticed Natasha
  1697 | D:2      | Killed Natasha
  1697 | D:2      | Reached XP level 5. HP: 48/55 MP: 5/5
  2062 | D:3      | Found a runed translucent door.
  2063 | D:3      | Noticed Crazy Yiuf
  2115 | D:3      | Found a bloodstained altar of Trog.
  2429 | D:3      | Reached skill level 5 in Fighting
  2584 | D:3      | Noticed a sky beast
  2599 | D:3      | Killed a sky beast
  2599 | D:3      | Reached XP level 6. HP: 21/67 MP: 6/6
  3041 | D:3      | Killed Crazy Yiuf
  3377 | D:4      | Reached skill level 6 in Fighting
  3517 | D:4      | Reached skill level 5 in Maces & Flails
  4182 | D:4      | Found Ybuom's Antique Weapon Boutique.
  4193 | D:4      | Bought a runed flail for 110 gold pieces
  4235 | D:4      | Noticed an orc warrior
  4653 | D:4      | Reached XP level 7. HP: 66/76 MP: 7/7
  4677 | D:4      | Reached skill level 7 in Fighting
  4823 | D:5      | Entered Level 5 of the Dungeon
  4911 | D:5      | Found a staircase to the Ecumenical Temple.
  5185 | Temple   | Entered the Ecumenical Temple
  5230 | Temple   | Became a worshipper of Cheibriados the Contemplative
  5343 | D:5      | Reached skill level 8 in Fighting
  5343 | D:5      | Reached skill level 1 in Invocations
  5395 | D:5      | Reached XP level 8. HP: 82/88 MP: 9/9
  5573 | D:5      | Reached * piety under Cheibriados
  5984 | D:5      | Reached skill level 9 in Fighting
  6337 | D:6      | Found a stormy altar of Qazlal.
  6715 | D:7      | Reached XP level 9. HP: 55/101 MP: 8/12
  7380 | D:7      | Reached skill level 10 in Fighting
  7380 | D:7      | Reached skill level 5 in Invocations
  7398 | D:7      | Noticed Joseph
  7413 | D:7      | Killed Joseph
  7876 | D:7      | Reached ** piety under Cheibriados
  8519 | D:8      | Found Wemiaw's Armour Emporium.
  8579 | D:8      | Noticed Grum
  8920 | D:8      | Found a runed translucent door.
  8920 | D:8      | Found a shimmering altar of Xom.
  8920 | D:8      | Noticed KristoblXynda's ghost (novice DrGl)
  8920 | D:8      | Noticed a +0 trident of chaos
  8980 | D:8      | Found Xoocvucs's Antique Armour Boutique.
  9058 | D:8      | Found a large runed translucent door.
  9059 | D:8      | Found a large runed translucent door.
  9062 | D:8      | Found the +6 arbalest "Damnation" {damnation}
  9207 | D:8      | Reached *** piety under Cheibriados
  9207 | D:8      | Reached skill level 11 in Fighting
  9209 | D:8      | Found a large runed translucent door.
  9209 | D:8      | Found a large runed translucent door.
  9707 | D:8      | Found Umnoropt's Book Boutique.
  9821 | D:8      | Got an encrusted hunting sling
  9822 | D:8      | Identified the +10 hunting sling "Jidghoc" {venom, MR+
                  | Dex-4 Stlth+} (You found it on level 8 of the Dungeon)
 10054 | D:8      | Reached XP level 10. HP: 114/114 MP: 15/15
 10068 | D:8      | Found Ibefraaq's Magic Scroll Shoppe.
 10076 | D:8      | Bought a scroll of identify for 30 gold pieces
 10076 | D:8      | Bought a scroll of identify for 30 gold pieces
 10076 | D:8      | Bought a scroll of identify for 30 gold pieces
 10082 | D:8      | Gained mutation: Your magical capacity is low. (-10% MP)
                  | [potion of mutation]
 10082 | D:8      | Gained mutation: Your muscles are strong. (Str +2) [potion
                  | of mutation]
 10082 | D:8      | Gained mutation: You are robust. (+10% HP) [potion of
                  | mutation]
 10112 | D:8      | Noticed Pikel
 10124 | D:8      | Killed Pikel
 10220 | D:8      | Killed Grum
 10723 | D:10     | Entered Level 10 of the Dungeon
 11020 | D:10     | Reached **** piety under Cheibriados
 11062 | D:10     | Reached skill level 12 in Fighting
 11070 | D:10     | Noticed a two-headed ogre
 11075 | D:10     | Noticed a two-headed ogre
 11077 | D:10     | Killed a two-headed ogre
 11083 | D:10     | Killed a two-headed ogre
 11300 | D:10     | Reached XP level 11. HP: 112/136 MP: 12/15
 11379 | D:10     | Reached skill level 5 in Dodging
 11727 | D:10     | Noticed Sonja
 11901 | D:10     | Killed Sonja
 11901 | D:10     | Reached skill level 1 in Crossbows
 12373 | D:11     | Reached skill level 10 in Maces & Flails
 12410 | D:11     | Noticed a cyclops
 12411 | D:11     | Found the +3 Elemental Staff {rElec rF++ rC++ MR++ AC+5}
 12417 | D:11     | Killed a cyclops
 12459 | D:11     | Found a deep blue altar of Sif Muna.
 12606 | D:11     | You fall into a shaft and drop 2 floors!
 12611 | D:13     | Noticed a centaur warrior
 12612 | D:13     | Noticed a two-headed ogre
 12615 | D:13     | Noticed a red ugly thing
 12615 | D:13     | Noticed a centaur warrior
 12642 | D:12     | Noticed a five-headed hydra
 12680 | D:12     | Reached skill level 10 in Invocations
 12728 | D:11     | Killed an unseen horror
 13099 | D:11     | Noticed a white ugly thing
 13121 | D:11     | Killed a white ugly thing
 13376 | D:11     | Reached XP level 12. HP: 139/146 MP: 17/17
 13405 | D:11     | Noticed a two-headed ogre
 13413 | D:11     | Killed a two-headed ogre
 13426 | D:11     | Noticed Nergalle
 13453 | D:11     | Killed Nergalle
 14350 | D:11     | Found a staircase to the Lair.
 14837 | D:12     | Found a staircase to the Orcish Mines.
 14879 | Orc:1    | Entered Level 1 of the Orcish Mines
 15441 | D:13     | Reached skill level 5 in Crossbows
 15456 | D:13     | Reached ***** piety under Cheibriados
 16039 | D:13     | Killed a centaur warrior
 16374 | Lair:1   | Entered Level 1 of the Lair of Beasts
 16381 | Lair:1   | Found a frozen archway.
 16391 | IceCv    | Entered an ice cave
 16454 | IceCv    | Reached XP level 13. HP: 9/155 MP: 1/19
 17043 | IceCv    | Got transparent ice dragon scales
 17054 | IceCv    | Identified the +5 ice dragon scales "Emetwass" {*Slow +Fly
                  | rF- rC++ Regen+ Int+5} (You found it in an ice cave)
 17403 | Lair:1   | Learned a level 1 spell: Apportation
 17875 | Lair:2   | Noticed Urug
 17881 | Lair:2   | Killed Urug
 17915 | Lair:2   | You fall into a shaft and drop 1 floor!
 17983 | Lair:3   | Found an ornate altar of the Wu Jian Council.
 18025 | Lair:3   | Reached skill level 5 in Armour
 18981 | Lair:3   | Noticed Gastronok
 18985 | Lair:3   | Killed Gastronok
 19322 | Lair:3   | Reached XP level 14. HP: 151/165 MP: 17/20
 19394 | Lair:4   | Reached skill level 1 in Translocations
 19440 | Lair:4   | Reached ****** piety under Cheibriados
 19774 | Lair:4   | Found a staircase to the Snake Pit.
 20627 | Lair:4   | Found a staircase to the Swamp.
 21515 | Lair:5   | Reached skill level 5 in Translocations
 21869 | Lair:6   | Entered Level 6 of the Lair of Beasts
 22121 | Lair:6   | Reached skill level 10 in Armour
 22151 | Lair:6   | Reached skill level 13 in Fighting
 22290 | Lair:6   | Found a runed translucent door.
 22290 | Lair:6   | Found a viscous altar of Jiyva.
 22290 | Lair:6   | Found a staircase to the Slime Pits.
 22290 | Lair:6   | Noticed an acid blob
 22290 | Lair:6   | Noticed an acid blob
 22637 | Lair:6   | Reached XP level 15. HP: 177/177 MP: 22/22
 23450 | Orc:2    | Entered Level 2 of the Orcish Mines
 23809 | Orc:2    | Found a roughly hewn altar of Beogh.
 23970 | Orc:1    | Found Cobezal's Distillery.
 24313 | Orc:2    | Found a roughly hewn altar of Beogh.
 24429 | Orc:2    | Found a staircase to the Elven Halls.
 24751 | Orc:2    | Reached skill level 14 in Fighting
 25168 | Orc:2    | Found Monookk's Antique Armour Emporium.
 25168 | Orc:2    | Found Xist's Magic Scroll Boutique.
 25174 | Orc:2    | Found Rusaby's Food Emporium.
 25174 | Orc:2    | Found Osuomig's Gadget Boutique.
 25185 | Orc:2    | Bought a scroll of identify for 22 gold pieces
 25185 | Orc:2    | Bought a scroll of enchant armour for 82 gold pieces
 25185 | Orc:2    | Bought a scroll of identify for 22 gold pieces
 25185 | Orc:2    | Bought a scroll of fear for 38 gold pieces
 25387 | Snake:1  | Entered Level 1 of the Snake Pit
 25615 | Snake:1  | Found Routeruq's Jewellery Shoppe.
 25624 | Snake:1  | Bought an uncursed amulet of regeneration for 480 gold
                  | pieces
 25630 | Snake:1  | Noticed Jorgrun
 25649 | Snake:1  | Killed Jorgrun
 26060 | Swamp:1  | Entered Level 1 of the Swamp
 26060 | Swamp:1  | Noticed a tentacled monstrosity
 26073 | Swamp:1  | Killed a tentacled monstrosity
 26742 | D:13     | Reached XP level 16. HP: 191/191 MP: 23/23
 26899 | D:13     | Found a gate to the Vaults.
 27133 | D:14     | Reached skill level 15 in Fighting
 28322 | D:15     | Entered Level 15 of the Dungeon
 28434 | D:15     | Paralysed by an orc sorcerer for 2 turns
 28524 | D:15     | Found a staircase to the Depths.
 29236 | D:15     | Found Ujugow's General Store.
 29239 | D:15     | Bought a scroll of enchant weapon for 127 gold pieces
 29239 | D:15     | Bought 7 bolts for 23 gold pieces
 29239 | D:15     | Bought a potion of curing for 51 gold pieces
 29239 | D:15     | Bought 29 bolts for 98 gold pieces
 30541 | Swamp:2  | Reached skill level 1 in Throwing
 30552 | Swamp:2  | Reached XP level 17. HP: 147/205 MP: 25/25
 31282 | Swamp:2  | Reached skill level 15 in Maces & Flails
 31576 | Swamp:3  | Reached skill level 5 in Throwing
 31717 | Swamp:4  | Entered Level 4 of the Swamp
 32261 | Swamp:4  | Reached skill level 16 in Fighting
 32559 | Swamp:4  | Reached skill level 17 in Fighting
 32721 | Swamp:4  | Learned a level 2 spell: Song of Slaying
 32762 | Swamp:4  | Reached skill level 1 in Charms
 33195 | Swamp:4  | Got a decaying rune of Zot
 33676 | Vaults:1 | Entered Level 1 of the Vaults
 34035 | Vaults:1 | Noticed a lich
 34036 | Vaults:1 | Reached XP level 18. HP: 222/222 MP: 23/26
 34046 | Vaults:1 | Killed a lich
 34057 | Vaults:1 | Slain by an enormous slime creature

Levels and vault maps discovered:
D:1:      zaba_arrival_water, layout_rooms, chequers_serial_rivers_micro_a,
          minmay_tetromino_o4
D:2:      layout_loops_corners, uniq_natasha
D:3:      layout_basic, lemuel_doored_altar, chequers_serial_rivers_marsh,
          uniq_crazy_yiuf_cottage
D:4:      layout_basic, serial_shops, shop, serial_bayou_ford_a
D:5:      layout_gridville, minmay_temple_entry_tees, first_ration
D:6:      layout_rooms, basic_altar
D:7:      layout_basic, uniq_joseph
D:8:      layout_gridville, ebering_ghost_xom, serial_shops, shop_fountains,
          shop, nicolae_shop_temple_entry_statues_fountains,
          kennysheep_mini_moat, minmay_hollow_rounded_squares, uniq_pikel,
          uniq_grum
D:9:      layout_basic, david_nohive_1
D:10:     layout_gridville, uniq_sonja
D:11:     layout_roguey [special_room_bee], due_lair_maze_entry_diamond,
          basic_altar, uniq_nergalle
D:12:     layout_cross, david_orc_2, amethyst_killhole
D:13:     layout_loops_ring, david_vaults_5
D:14:     minmay_octo_star, layout_basic
D:15:     hangedman_depths_entry_civil_slaughter, layout_layer_cave,
          serial_bayou_pond_b, serial_shops, nicolae_shop_behind_doors
Temple:   nicolae_temple_the_god_donut
Lair:1:   layout_long_grid, portal_ice_cave_entry_pillars_2
Lair:2:   layout_loops_ring, hibernation_bobbens, grunt_megastairs_2, uniq_urug
Lair:3:   layout_loops_ring, basic_altar, serial_bayou_crossing, uniq_gastronok
Lair:4:   layout_cave_pods, palyth_hydra_swamp_entry, dummy_snake_entry,
          minivault_11, infiniplex_staircase_pool_2, serial_bayou_shore_b,
          serial_bayou_shore_b
Lair:5:   layout_roguey, special_room [special_room_mythical_zoo],
          bobbens_ice_dragon_lair, lemuel_fruit_tree
Lair:6:   evilmike_catoblepas_cave, layout_gridlike, slime_altar_2
Swamp:1:  layout_falls_marsh, hangedman_swamp_ruin_wall, lightli_tree_ring
Swamp:2:  layout_falls_marsh, hangedman_swamp_pad, worms_lemuel
Swamp:3:  layout_falls_marsh, evilmike_swamp_ruin_house_3
Swamp:4:  swamp_alternative, layout_basic_swamp
Snake:1:  layout_onion, basic_altar, serial_shops, nicolae_shop_crystal,
          uniq_josephine, uniq_jorgrun
Orc:1:    layout_caves, serial_shops, shop
Orc:2:    grunt_orc_tribal_feast, layout_caves, basic_altar, abandoned_shop,
          david_defended_altar_orc
Vaults:1: nicolae_vaults_specimen_jars, v_misc_14, ontoclasm_vaults_bender,
          nicolae_vaults_mini_display_case, hangedman_vaults_locks,
          nicolae_vaults_little_squares_6, grunt_vaults_hallway_short,
          ontoclasm_vaults_misaligned, hangedman_vaults_trim,
          layout_vaults_omnigrid

Skill      XL: |  1  2  3  4  5  6  7  8  9 10 11 12 13 14 15 16 17 |
---------------+----------------------------------------------------+-----
Maces & Flails | 2 3 4 5 6 7 8 9 10 11 12 13 14 15 | 15.3
Fighting       | 5 6 8 9 11 12 13 14 15 17 | 17.7
Invocations    | 1 4 6 8 10 11 12 13 14 | 14.5
Dodging        | 4 5 7 8 |  8.3
Crossbows      | 3 5 6 |  6.1
Armour         | 8 10 | 10.4
Translocations | 5 |  5.1
Throwing       | 1 5 |  5.6
Charms         | 4 |  4.7
Shields        | |  2.6

Action                   |  1- 3 |  4- 6 |  7- 9 | 10-12 | 13-15 | 16-18 || total
-------------------------+-------+-------+-------+-------+-------+-------++-------
Melee: Flail             |    78 |   204 |   381 |   488 |       |       ||  1151
       Giant spiked club |       |       |       |    40 |   865 |   656 ||  1561
 Fire: Hunting sling     |       |       |    15 |     6 |    17 |       ||    38
       Arbalest          |       |       |       |    49 |    28 |    38 ||   115
Throw: Javelin           |       |     9 |       |       |       |       ||     9
       Dart              |       |     2 |     3 |     4 |     8 |       ||    17
       Boomerang         |       |     1 |     3 |       |       |       ||     4
       Large rock        |       |       |       |       |    13 |    34 ||    47
 Cast: Apportation       |       |       |       |       |       |     9 ||     9
       Song of Slaying   |       |       |       |       |       |     1 ||     1
Invok: Slouch            |       |       |       |     8 |     5 |    12 ||    25
       Bend Time         |       |       |       |     1 |       |     1 ||     2
       Step From Time    |       |       |       |       |     1 |     1 ||     2
Evoke: Wand              |       |       |     1 |     6 |     2 |     3 ||    12
  Use: Scroll            |     6 |    11 |     6 |    12 |    22 |    13 ||    70
       Potion            |     1 |       |     3 |     2 |     6 |     6 ||    18
 Stab: Sleeping          |       |     1 |     3 |     4 |       |       ||     8
       Distracted        |       |       |       |     1 |       |       ||     1
       Confused          |       |       |       |       |     5 |       ||     5
  Eat: Chunk             |       |     9 |     9 |     9 |    17 |     9 ||    53
       Ration            |       |     1 |       |     2 |     1 |     4 ||     8
Armor: Robe              |    14 |    62 |   183 |   145 |     2 |       ||   406
       Ice dragon scales |       |       |       |       |   829 |   586 ||  1415
Dodge: Dodged            |    27 |    55 |   178 |   256 |  1022 |   809 ||  2347
Block: Shield            |    36 |    74 |   222 |   276 |       |       ||   608

Table legend:
 A = Non-vault XP
 B = Vault XP
 C = Vault XP percentage of total XP
 D = Non-vault monster count
 E = Vault monster count
 F = Vault count percentage of total count
                 A         B        C        D         E       F
            +---------+---------+-------+---------+---------+-------
      Total |  163870 |   83516 |  33.8 |     714 |     237 |  24.9
            +---------+---------+-------+---------+---------+-------
        D:1 |      33 |       4 |  10.8 |      18 |       3 |  14.3
        D:2 |      96 |      35 |  26.7 |      26 |       1 |   3.7
        D:3 |     152 |      41 |  21.2 |       9 |       1 |  10.0
        D:4 |     399 |       0 |   0.0 |      16 |       0 |   0.0
        D:5 |    1125 |       0 |   0.0 |      31 |       0 |   0.0
        D:6 |     359 |       0 |   0.0 |       9 |       0 |   0.0
        D:7 |     914 |     434 |  32.2 |      27 |       1 |   3.6
        D:8 |     690 |    1647 |  70.5 |      17 |      13 |  43.3
        D:9 |      97 |       0 |   0.0 |       7 |       0 |   0.0
       D:10 |    6196 |     943 |  13.2 |      42 |       3 |   6.7
       D:11 |    5702 |    3824 |  40.1 |      34 |      35 |  50.7
       D:12 |    2552 |     151 |   5.6 |      17 |       7 |  29.2
       D:13 |    7228 |    2539 |  26.0 |      43 |       5 |  10.4
       D:14 |   10214 |    7617 |  42.7 |      40 |      11 |  21.6
       D:15 |   11259 |    5288 |  32.0 |      33 |       9 |  21.4
     Lair:1 |    4574 |       0 |   0.0 |      18 |       0 |   0.0
     Lair:2 |    2418 |    1675 |  40.9 |      12 |       3 |  20.0
     Lair:3 |    9698 |    2276 |  19.0 |      23 |       1 |   4.2
     Lair:4 |    7196 |    2858 |  28.4 |      24 |       9 |  27.3
     Lair:5 |    1030 |    6928 |  87.1 |       5 |      25 |  83.3
     Lair:6 |    8561 |   12902 |  60.1 |      29 |      23 |  44.2
    Swamp:1 |   18785 |       0 |   0.0 |      41 |       0 |   0.0
    Swamp:2 |    9099 |    5212 |  36.4 |      24 |      19 |  44.2
    Swamp:3 |   13579 |       0 |   0.0 |      33 |       0 |   0.0
    Swamp:4 |   16649 |   15147 |  47.6 |      36 |      24 |  40.0
    Snake:1 |   10866 |    3040 |  21.9 |      21 |       1 |   4.5
      Orc:1 |    4301 |       0 |   0.0 |      32 |       0 |   0.0
      Orc:2 |    2501 |    7780 |  75.7 |      28 |      32 |  53.3
   Vaults:1 |    7597 |       0 |   0.0 |      19 |       0 |   0.0
      IceCv |       0 |    3175 | 100.0 |       0 |      11 | 100.0
            +---------+---------+-------+---------+---------+-------
